AoeStats
← KND

Arabia

504638537Analyzed
1v1 RM · 26d ago on Sep 6, 2026· 41m 19s· 2 players
Game mode
Random Map
Map size
Tiny (2 player)
Population
200
Speed
Normal
Resources
Standard
Victory
Conquest
Starting age
Dark Age
Ending age
Imperial Age
RankedLock teamsTeams togetherTeam positionsShared explorationLock speedFull tech treeHidden civsTurbo modeCheats
Victory
Defeat
🇨🇴 Persians · Colombia
1467
+18
🇧🇷 Wu · Brazil
1509
-18
FC_diana2501
5:51 Loom
5:55 Loom
8:47 Feudal Age
9:22 Double-Bit Axe
9:46 Horse Collar
16:17 Fletching
18:42 Wheelbarrow
21:07 Castle Age
20:01 Bloodlines
19:43 Gold Mining
20:15 Forging
21:06 Scale Barding Armor
22:32 Iron Casting
22:16 Bow Saw
23:21 Town Watch
25:03 Stone Mining
30:23 Heavy Plow
35:16 Imperial Age
32:57 Crossbowman
35:09 Bodkin Arrow
35:35 Chain Barding Armor
34:56 Heavy Camel Rider
35:58 Husbandry
36:56 Masonry
37:40 Padded Archer Armor
38:22 Kamandaran
39:01 Leather Archer Armor
40:16 Chemistry
39:37 Ballistics
40:34 Conscription
40:53 Architecture
KND
7:03 Loom
9:31 Feudal Age
10:09 Double-Bit Axe
10:22 Horse Collar
19:28 Castle Age
18:20 Forging
18:45 Scale Barding Armor
18:58 Fletching
21:57 Husbandry
24:49 Bodkin Arrow
24:53 Town Watch
25:34 Squires
26:44 Scale Mail Armor
28:10 Wheelbarrow
27:05 Pikeman
29:43 Light Cavalry
30:34 Bloodlines
31:33 Gold Mining
35:05 Imperial Age
32:51 Stone Mining
33:28 Chain Mail Armor
34:43 Iron Casting
35:19 Halberdier
36:56 Gold Shaft Mining
36:40 Hand Cart
38:05 Plate Mail Armor
39:15 Conscription
Connection lost

Rejoining the realm…

Still unreachable

The connection could not be restored.

Session expired

The server has moved on; the page needs a fresh start.